 Dungeon Crawl Stone Soup version 0.28-a0-919-g0b5b508569 (webtiles) character file.

Game seed: 9362985465177276213

62 enile the Sneak (level 4, -4/26 (34) HPs)
             Began as a Naga Enchanter on Nov 25, 2021.
             Was a Follower of Hepliaklqana.
             Slain by a necrophage (6 damage)
             ... on level 3 of the Dungeon.
             The game lasted 00:04:49 (2624 turns).

enile the Sneak (Naga Enchanter)                    Turns: 2624, Time: 00:04:50

HP:   -4/26 (34)    AC:  2    Str:  7 (10) XL:     4   Next: 8%
MP:   1/8           EV:  9    Int: 14 (16) God:    Hepliaklqana [*.....]
Gold: 81            SH:  0    Dex:  9 (12) Spells: 7/9 levels left

rFire   . . .      SeeInvis +   a - +1 dagger
rCold   . . .      Faith    .   (no shield)
rNeg    . . .      Spirit   .   b - +0 robe
rPois   +          Reflect  .   (no helmet)
rElec   .          Harm     .   (no cloak)
rCorr   .          Rampage  .   (no gloves)
Will    .....                   (no barding)
Stlth   ++........              (no amulet)
HPRegen 0.08/turn               (no ring)
MPRegen 0.11/turn               (no ring)

@: mighty, very slightly contaminated, heavily drained, very slow
A: reduced essence, AC +1, large, see invisible, deformed body, poison
resistance, slowness 2, spit poison 1, naga tail 1
a: Spit Poison, Renounce Religion, Recall Ancestor, Ancestor Identity


You were on level 3 of the Dungeon.
You worshipped Hepliaklqana.
Hepliaklqana was aware of your devotion.
You visited 1 branch of the dungeon, and saw 3 of its levels.

You collected 81 gold pieces.

Inventory:

Hand Weapons
 a - a +1 dagger (weapon)
Missiles
 e - 2 silver javelins
Armour
 b - a +0 robe (worn)
Scrolls
 d - 2 scrolls of enchant weapon {unknown}
 g - a scroll of magic mapping {unknown}
 j - a scroll of identify {unknown}
 l - a scroll of enchant armour {unknown}
Potions
 c - a potion of invisibility
 h - a potion of heal wounds {unknown}
 i - a potion of ambrosia {unknown}
 k - a potion of degeneration


   Skills:
 + Level 1.4 Fighting
 - Level 1.0 Short Blades
 - Level 1.5 Dodging
 - Level 4.4 Stealth
 - Level 3.0 Spellcasting
 - Level 2.0 Conjurations
 - Level 3.0 Hexes


You had 7 spell levels left.
You knew the following spells:

 Your Spells              Type           Power      Damage    Failure   Level
a - Searing Ray           Conj           14%        2d5       14%         2

Your spell library contained the following spells:

 Spells                   Type           Power      Damage    Failure   Level
 Magic Dart               Conj           28%        1d4       10%         1
 Ensorcelled Hibernation  Hex/Ice        12%        N/A       17%         2
 Confusing Touch          Hex            10%        N/A       19%         3
 Tukima's Dance           Hex            10%        N/A       19%         3
 Dazzling Flash           Conj/Hex       18%        N/A       22%         3
 Fulminant Prism          Conj/Hex       4%         3d6       58%         4


Dungeon Overview and Level Annotations

Branches:
Dungeon (3/15)

Altars:
Hepliaklqana
Nemelex Xobeh


Innate Abilities, Weirdness & Mutations

Your life essence is reduced to manifest your ancestor. (-10% HP)
Your serpentine skin is tough. (AC +1)
You have supernaturally acute eyesight. (SInv)
Armour fits poorly on your strangely shaped body.
Your system is resistant to poisons. (rPois)
You cover ground very slowly.
You can spit poison.
You have a snake-like lower body.


Message History

Confirm with . or Enter, or press ? or * to list all spells.
Aiming: Searing Ray (safe; 12% risk of failure)
Press: ? - help, Shift-Dir - straight line, f/p - necrophage
Aim: a necrophage (moderately damaged, ally target, 76% to hit)
The searing ray misses the necrophage. (Press . to maintain the ray.)
You have got your breath back.
Agathoclea closely misses the necrophage.
The necrophage hits you.
You feel drained.
Casting: Searing Ray (safe; 12% risk of failure)
Confirm with . or Enter, or press ? or * to list all spells.
You don't have enough magic to cast this spell.
Casting: Searing Ray (safe; 12% risk of failure)
Confirm with . or Enter, or press ? or * to list all spells.
You don't have enough magic to cast this spell.
You barely miss the necrophage.
The necrophage is moderately damaged.
Agathoclea barely misses the necrophage.
The necrophage barely misses you.
You closely miss the necrophage.
The necrophage is moderately damaged.
Agathoclea closely misses the necrophage.
The necrophage hits you.
You feel drained.
You hit the necrophage.
The necrophage is moderately damaged.
Agathoclea barely misses the necrophage.
The necrophage hits you.
You feel drained.
It was a potion of might.
You feel very mighty all of a sudden.
Agathoclea hits the necrophage.
The necrophage hits you.
* * * LOW HITPOINT WARNING * * *
You feel drained.
* * * LOW HITPOINT WARNING * * *
Agathoclea hits the necrophage.
Okay, then.
It was a potion of degeneration.
There was something very wrong with that liquid.
You feel weakened.
You feel dopey.
You feel clumsy.
Agathoclea hits the necrophage.
The necrophage hits you.
You die...

#.....# ######'########.####
#####.########...........###.#...
......R.................†)...#.##
..###.....###.............####.#
.........'..>............# #.#
...###....#.#.............# #.#
.. #....#.#............## #.# .
#......#.#..######### #<#
##+#####.#.@## ### #..Rn.#
#.....#.# ####..#.# .... .. .#...
..# .. #... ..# # #### ..# ...


You could see the friendly Agathoclea the ancestor and a necrophage (ally
target).

Vanquished Creatures
  An adder skeleton (D:2)
  A dart slug (D:2)
  An orc (D:3)
  A bat skeleton (D:2)
  3 endoplasms (D:1)
  5 hobgoblins
  A quokka (D:1)
  2 ball pythons (D:2)
  A ball python skeleton (D:2)
  A ball python zombie (D:2)
  5 bats
  2 frilled lizards
  7 kobolds
  A quokka zombie (D:2)
  6 rats (D:2)
38 creatures vanquished.

Vanquished Creatures (collateral kills)
  An adder (D:2)
  A bat zombie (D:2)
  A kobold (D:1)
  A quokka (D:2)
  A ball python skeleton (D:2)
  A bat (D:2)
  A frilled lizard (D:2)
7 creatures vanquished.

Vanquished Creatures (others)
  7 withered plants (D:2)
7 creatures vanquished.

Grand Total: 52 creatures vanquished

Notes
Turn   | Place    | Note
-------+----------+-------------------------------------------
     0 | D:1      | enile the Naga Enchanter began the quest for the Orb.
     0 | D:1      | Reached XP level 1. HP: 15/15 MP: 3/3
   465 | D:1      | Reached XP level 2. HP: 22/22 MP: 3/5
   468 | D:1      | Learned a level 2 spell: Searing Ray
   971 | D:1      | Found a faded altar of an unknown god.
  1003 | D:1      | Prayed at the altar of an unknown god.
  1003 | D:1      | Became a worshipper of Hepliaklqana the Forgotten
  1003 | D:1      | Reached * piety under Hepliaklqana
  1623 | D:2      | Reached skill level 1 in Conjurations
  1623 | D:2      | Reached XP level 3. HP: 20/25 MP: 2/7
  1885 | D:2      | Found a sparkling altar of Nemelex Xobeh.
  2247 | D:2      | Reached skill level 1 in Fighting
  2354 | D:2      | Reached XP level 4. HP: 31/34 MP: 5/8
  2609 | D:3      | Noticed a necrophage
  2622 | D:3      | HP: 1/26 [necrophage (2)]
  2624 | D:3      | Slain by a necrophage

Illustrated notes

Levels and vault maps discovered:
D:1:      lemuel_arrival_river_bridge, layout_rooms,
          dreamdust_ecumenical_altar_statues
D:2:      layout_basic, basic_altar, serial_undead, serial_undead_c,
          serial_undead_e, serial_undead_d, serial_undead_b, serial_undead_d,
          serial_undead_d, serial_undead_c, serial_undead_b, serial_undead_d,
          serial_undead_b, corexii_item_surrounded_by_moat,
          chequers_serial_rivers_room_b
D:3:      layout_basic, nemelex_dance_club_becter, serial_shops,
          nicolae_diamond_shop

Skill      XL: |  1  2  3 |
---------------+----------+-----
Spellcasting   | 3 |  3.0
Conjurations   | 1 2 |  2.0
Fighting       | 1 |  1.4
Short Blades   | |  1.0
Dodging        | |  1.5
Stealth        | |  4.4
Hexes          | |  3.0

Action                   |  1- 3 |  4- 6 || total
-------------------------+-------+-------++-------
Melee: Dagger            |    81 |     5 ||    86
 Cast: Searing Ray       |    29 |     5 ||    34
 Abil: Spit Poison       |     8 |     2 ||    10
  Use: Potion            |       |     2 ||     2
 Stab: Sleeping          |     2 |     1 ||     3
Armor: Robe              |    21 |     1 ||    22
Dodge: Dodged            |    66 |     4 ||    70

Table legend: (Time is in decaauts)
 A = Elapsed time spent in this place.
 B = Non-inter-level travel time spent in this place.
 C = Inter-level travel time spent in this place.
 D = Time resting spent in this place.
 E = Time spent auto-exploring this place.
 F = Levels seen in this place.
 G = Mean time per level.
                   A        B        C        D        E       F      G
               +--------+--------+--------+--------+--------+-----+--------+
         Total |   2907 |   2862 |     45 |      0 |   2461 |   3 |  969.0 |
       Dungeon |   2907 |   2862 |     45 |      0 |   2461 |   3 |  969.0 |
               +--------+--------+--------+--------+--------+-----+--------+

Top non-repeatable levels by time:
     D:1: 1558 daAuts
     D:2: 1185 daAuts
     D:3: 163 daAuts
